 Dungeon Crawl Stone Soup version 0.23-a0-344-ge122d05 (webtiles) character file.

188 rabbit the Shield-Bearer (level 5, -2/33 HPs)
             Began as a Gargoyle Fighter on Oct 19, 2018.
             Slain by an orc
             ... wielding a +0 trident
              (4 damage)
             ... on level 3 of the Dungeon.
             The game lasted 00:03:51 (2256 turns).

rabbit the Shield-Bearer (Gargoyle Fighter)         Turns: 2256, Time: 00:03:52

Health: -2/33      AC: 14    Str: 20    XL:     5   Next: 67%
Magic:  5/5        EV:  5    Int:  9    God:
Gold:   125        SH:  9    Dex:  9    Spells: 4/4 levels left

rFire    . . .     SeeInvis .   a - +0 flail
rCold    . . .     Gourm    .   c - +0 shield
rNeg     + . .     Faith    .   l - +0 chain mail
rPois    ∞         Spirit   .   p - -1 helmet (curse)
rElec    +         Reflect  .   (no cloak)
rCorr    .         Harm     .   i - +0 pair of gloves
MR       .....                  (no boots)
Stlth    ..........             (no amulet)
HPRegen  0.11/turn              (no ring)
MPRegen  0.09/turn              (no ring)

@: no status effects
A: negative energy resistance 1, electricity resistance, unbreathing,
petrification resistance, rot immunity, AC +4
a: no special abilities


You were on level 3 of the Dungeon.
You were not hungry.

You visited 1 branch of the dungeon, and saw 3 of its levels.

You collected 125 gold pieces.

Inventory:

Hand Weapons
 a - a +0 flail (weapon)
 b - a +0 hunting sling
Missiles
 j - 123 stones (quivered)
 o - 9 sling bullets
Armour
 c - a +0 shield (worn)
 i - a +0 pair of gloves (worn)
 l - a +0 chain mail (worn)
 p - a cursed -1 helmet (worn)
 s - a +1 ring mail of cold resistance
 u - a +0 scale mail
Jewellery
 t - an uncursed ring of poison resistance {unknown}
Scrolls
 g - 2 scrolls of remove curse {unknown}
 k - a scroll of teleportation {unknown}
 m - a scroll of enchant weapon {unknown}
 n - 2 scrolls of identify {unknown}
 q - a scroll of fear {unknown}
 r - 2 scrolls of noise
Potions
 d - 2 potions of might
 e - a potion of heal wounds {unknown}
 h - a potion of degeneration {unknown}
 v - a potion of curing {unknown}
Comestibles
 f - 5 rations


   Skills:
 + Level 4.2 Fighting
 * Level 3.9 Maces & Flails
 + Level 4.1 Armour
 + Level 4.2 Shields


You had 4 spell levels left.
You didn't know any spells.
Your spell library was empty.

Dungeon Overview and Level Annotations

Branches:
Dungeon (3/15)

Altars:
Qazlal


Innate Abilities, Weirdness & Mutations

You are resistant to torment.
Your stone body is resilient. (AC +4)
You are immune to poison.
You resist negative energy. (rN+)
You are resistant to electric shocks. (rElec)
You can survive without breathing.
You are immune to petrification.
You are immune to rotting.


Message History

You are too injured to fight recklessly!
You are too injured to fight recklessly!
You are too injured to fight recklessly!
You are too injured to fight recklessly!
You are too injured to fight recklessly!
You are too injured to fight recklessly!
You are too injured to fight recklessly!
You closely miss the orc priest. You block the orc priest's attack.
The orc barely misses you. You block the orc priest's attack.
You barely miss the orc priest. You block the orc's attack.
The orc priest hits you with a +0 club.
* * * LOW HITPOINT WARNING * * *
You hit the orc priest.
The orc priest is moderately wounded.
The orc hits you but does no damage.
The orc priest hits you but does no damage.
You closely miss the orc priest.
The orc priest is moderately wounded.
The orc hits you from afar with a +0 trident.
You die...

#.........#..####.##
#........###.## #.#
#........# #..# #.#
#........# ##.###.#
#........# #..##.#
####+## ##.##.#
#.##.# #..#.# ##@#|#
#o#.# #oo.# ##..#
#..# .... ..[..
....... ........


You could see an orc priest and 2 orcs.

Vanquished Creatures
  An orc priest (D:3)
  Terence (D:2)
  A worker ant (D:3)
  5 adders
  2 dart slugs (D:1)
  A leopard gecko (D:3)
  5 orcs (D:3)
  3 bats
  A giant cockroach (D:1)
  4 goblins
  7 hobgoblins
  9 jackals
  6 kobolds
  6 frilled lizards
  6 rats
58 creatures vanquished.

Notes
Turn   | Place    | Note
-------+----------+-------------------------------------------
     0 | D:1      | rabbit the Gargoyle Fighter began the quest for the Orb.
     0 | D:1      | Reached XP level 1. HP: 14/14 MP: 1/1
    82 | D:1      | Reached XP level 2. HP: 19/19 MP: 2/2
   430 | D:1      | Reached XP level 3. HP: 23/23 MP: 3/3
   873 | D:2      | Noticed Terence
   881 | D:2      | Killed Terence
   887 | D:2      | Reached XP level 4. HP: 26/29 MP: 4/4
  1606 | D:2      | Found a stormy altar of Qazlal.
  1887 | D:3      | Reached XP level 5. HP: 27/33 MP: 5/5
  2254 | D:3      | HP: 1/33 [orc priest/+0 club (2)]
  2256 | D:3      | Slain by an orc

Vault maps used:
D:1:      dpeg_arrival_radiant
D:2:      lemuel_upstairs_altar, nicolae_qazlal_eye_of_the_storm, uniq_terence
D:3:      nicolae_overflow_hidden_temple, makhleb_altar_promises_db

Skill      XL: |  1  2  3  4 |
---------------+-------------+-----
Maces & Flails | 3 |  3.9
Fighting       | 4 |  4.2
Armour         | 4 |  4.1
Shields        | 4 |  4.2

Action                   |  1- 3 |  4- 6 || total
-------------------------+-------+-------++-------
Melee: Flail             |   102 |   196 ||   298
 Fire: Hunting sling     |       |    11 ||    11
  Use: Scroll            |       |     1 ||     1
  Eat: Chunk             |       |     5 ||     5
Armor: Scale mail        |    21 |       ||    21
       Chain mail        |    31 |   181 ||   212
Dodge: Dodged            |    28 |    57 ||    85
Block: Shield            |    50 |   115 ||   165

Table legend:
 A = Non-vault XP
 B = Vault XP
 C = Vault XP percentage of total XP
 D = Non-vault monster count
 E = Vault monster count
 F = Vault count percentage of total count
                 A         B        C        D         E       F
            +---------+---------+-------+---------+---------+-------
      Total |     233 |      36 |  13.4 |      57 |       1 |   1.7
            +---------+---------+-------+---------+---------+-------
        D:1 |      42 |       0 |   0.0 |      22 |       0 |   0.0
        D:2 |      43 |      36 |  45.6 |      20 |       1 |   4.8
        D:3 |     148 |       0 |   0.0 |      15 |       0 |   0.0
            +---------+---------+-------+---------+---------+-------
